AoeStats
← tom-gonz

MegaRandom

508319108Analyzed
4v4 RM · 10d ago on Sep 21, 2026· 48m 39s· 8 players
Game mode
Random Map
Map size
Large (8 player)
Population
200
Speed
Normal
Resources
Standard
Victory
Conquest
Starting age
Dark Age
Ending age
Imperial Age
RankedLock teamsTeams togetherTeam positionsShared explorationLock speedFull tech treeHidden civsTurbo modeCheats
Victory
Defeat
🇵🇹 Slavs · Portugal
1747
+7
🇵🇹 Malians · Portugal
1671
+10
🇵🇹 Inca · Portugal
1666
+10
🇵🇹 Bulgarians · Portugal
1661
+10
🇹🇷 Hindustanis · Türkiye
1607
-12
🇦🇷 Burmese · Argentina
1582
-11
🇵🇹 Malay · Portugal
1456
-7
🇨🇳 Japanese · China
1455
-7
Nomore
7:32 Loom
9:48 Feudal Age
12:18 Double-Bit Axe
14:22 Horse Collar
15:48 Fletching
15:59 Padded Archer Armor
18:22 Wheelbarrow
22:07 Castle Age
20:28 Gold Mining
23:29 Bodkin Arrow
22:56 Crossbowman
24:17 Leather Archer Armor
44:31 Imperial Age
42:18 Hand Cart
43:12 Yasama
43:53 Town Watch
44:14 Scale Mail Armor
44:27 Forging
43:57 Pikeman
44:38 Squires
44:23 Gambesons
44:24 Arson
44:43 Gambesons
45:01 Squires
44:25 Man-at-Arms
45:34 Conscription
44:51 Halberdier
46:07 Chain Mail Armor
46:29 Iron Casting
46:41 Elite Samurai
47:54 Plate Mail Armor
47:32 Heavy Plow
49:26 Gold Shaft Mining
Nos'
4:42 Loom
10:39 Feudal Age
14:39 Castle Age
13:36 Stone Mining
13:38 Horse Collar
15:34 Gold Mining
21:34 Wheelbarrow
22:06 Heavy Plow
25:40 Hand Cart
32:02 Imperial Age
29:27 Town Watch
32:11 Gold Shaft Mining
32:27 Padded Archer Armor
32:08 Elite Arambai
33:18 Conscription
33:30 Bloodlines
33:21 Husbandry
41:15 Light Cavalry
42:24 Scale Barding Armor
42:30 Forging
42:05 Hussar
43:59 Chain Barding Armor
45:17 Crop Rotation
47:20 Plate Barding Armor
Savitar_pt
7:23 Loom
9:36 Feudal Age
11:30 Double-Bit Axe
13:08 Fletching
16:23 Wheelbarrow
20:13 Castle Age
18:49 Horse Collar
19:13 Crossbowman
19:49 Bodkin Arrow
20:40 Bow Saw
21:55 Padded Archer Armor
25:51 Ballistics
28:34 Thumb Ring
32:02 Gold Mining
35:17 Imperial Age
33:38 Leather Archer Armor
33:37 Town Watch
34:14 Arbalester
35:11 Bracer
36:15 Conscription
37:25 Chemistry
37:25 Pikeman
38:05 Squires
40:32 Squires
40:58 Heavy Plow
41:36 Halberdier
42:27 Forging
45:03 Iron Casting
45:35 Murder Holes
47:17 Hand Cart
47:56 Sappers
RiasSei
10:04 Feudal Age
9:05 Loom
11:10 Double-Bit Axe
14:05 Castle Age
12:15 Double-Bit Axe
17:56 Bow Saw
18:58 Horse Collar
26:20 Bloodlines
26:11 Husbandry
28:33 Scale Barding Armor
29:19 Forging
29:58 Chain Barding Armor
30:58 Iron Casting
30:41 Heavy Plow
32:06 Wheelbarrow
35:13 Imperial Age
33:20 Hand Cart
33:16 Gold Mining
35:16 Heavy Camel Rider
36:33 Plate Barding Armor
36:58 Blast Furnace
36:24 Light Cavalry
38:08 Two-Man Saw
37:33 Imperial Camel Rider
39:09 Coinage
38:30 Hussar
39:21 Grand Trunk Road
40:34 Conscription
41:06 Banking
43:01 Fletching
44:13 Chemistry
43:26 Masonry
45:30 Ballistics
45:36 Shatagni
48:01 Padded Archer Armor
Brisingr
9:53 Feudal Age
10:59 Feudal Age
12:24 Loom
15:01 Castle Age
14:39 Fletching
15:29 Double-Bit Axe
16:40 Bodkin Arrow
17:02 Bow Saw
19:21 Gold Mining
20:13 Padded Archer Armor
20:55 Horse Collar
24:17 Heavy Plow
25:31 Wheelbarrow
25:32 Leather Archer Armor
27:10 Gold Shaft Mining
27:35 Ballistics
27:07 Town Watch
31:49 Hand Cart
36:05 Imperial Age
34:49 Thumb Ring
36:14 Bloodlines
36:05 Husbandry
37:00 Bracer
36:39 Heavy Cavalry Archer
38:24 Chemistry
38:28 Siege Engineers
40:06 Masonry
39:43 Onager
40:43 Elite Skirmisher
45:02 Architecture
44:01 Siege Onager
44:42 Pikeman
45:22 Squires
45:23 Scale Mail Armor
47:51 Halberdier
tom-gonz
7:47 Loom
9:53 Feudal Age
13:56 Fletching
14:40 Double-Bit Axe
14:38 Horse Collar
19:02 Padded Archer Armor
21:28 Castle Age
19:41 Gold Mining
21:30 Crossbowman
22:07 Bodkin Arrow
22:35 Bow Saw
23:11 Leather Archer Armor
23:36 Ballistics
27:34 Wheelbarrow
29:48 Hand Cart
33:47 Imperial Age
32:52 Leather Archer Armor
33:32 Gold Shaft Mining
33:00 Heavy Plow
33:07 Thumb Ring
33:49 Arbalester
34:36 Bracer
36:09 Chemistry
37:18 Ring Archer Armor
38:11 Treadmill Crane
41:12 Scale Mail Armor
40:57 Pikeman
41:38 Squires
41:57 Chain Mail Armor
41:52 Forging
41:52 Halberdier
42:18 Arson
43:08 Iron Casting
43:04 Plate Mail Armor
44:43 Blast Furnace
44:04 Siege Engineers
45:04 Conscription
47:54 Caravan
Mr Greed
6:06 Loom
8:25 Feudal Age
9:06 Double-Bit Axe
9:59 Horse Collar
16:12 Scale Barding Armor
20:45 Castle Age
18:50 Gold Mining
19:43 Bloodlines
21:51 Chain Barding Armor
21:41 Bow Saw
21:58 Heavy Plow
22:42 Husbandry
26:04 Wheelbarrow
26:44 Forging
31:14 Stone Mining
31:58 Hand Cart
36:08 Imperial Age
33:44 Detinets
34:58 Iron Casting
38:14 Conscription
37:15 Elite Boyar
38:48 Plate Barding Armor
39:14 Blast Furnace
38:47 Crop Rotation
39:17 Two-Man Saw
38:20 Town Watch
42:13 Fletching
44:15 Masonry
44:10 Siege Engineers
45:06 Chemistry
46:31 Caravan
46:58 Bodkin Arrow
Darkwynn
8:09 Loom
10:19 Feudal Age
14:47 Castle Age
13:00 Horse Collar
13:39 Double-Bit Axe
14:23 Scale Barding Armor
17:41 Bloodlines
19:57 Husbandry
24:09 Fervor
26:49 Wheelbarrow
26:02 Town Watch
26:36 Bow Saw
27:09 Heavy Plow
28:37 Chain Barding Armor
33:22 Imperial Age
31:11 Hand Cart
30:48 Gold Mining
33:14 Forging
34:45 Iron Casting
34:49 Plate Barding Armor
34:16 Farimba
33:39 Cavalier
36:24 Guilds
37:09 Iron Casting
38:59 Crop Rotation
37:53 Light Cavalry
39:31 Caravan
41:32 Chemistry
41:22 Conscription
41:02 Tigui
44:59 Fletching
45:46 Hoardings
46:44 Masonry
46:54 Ballistics
46:15 Treadmill Crane
Connection lost

Rejoining the realm…

Still unreachable

The connection could not be restored.

Session expired

The server has moved on; the page needs a fresh start.